 Dungeon Crawl Stone Soup version 0.23-a0-650-ga4d50d4 (webtiles) character file.

350 Borgoz the Skirmisher (level 6, -1/56 HPs)
             Began as a Hill Orc Fighter on Jan 2, 2019.
             Killed from afar by an orc wizard (5 damage)
             ... with a puff of flame
             ... on level 4 of the Dungeon.
             The game lasted 00:07:14 (2205 turns).

Borgoz the Skirmisher (Hill Orc Fighter)            Turns: 2205, Time: 00:07:15

Health: -1/56      AC:  7    Str: 20    XL:     6   Next: 60%
Magic:  6/6        EV:  8    Int:  8    God:
Gold:   132        SH:  9    Dex: 11    Spells: 5/5 levels left

rFire    . . .     SeeInvis .   a - +0 war axe
rCold    . . .     Gourm    .   c - +0 shield
rNeg     . . .     Faith    .   b - +0 scale mail
rPois    .         Spirit   .   (no helmet)
rElec    .         Reflect  .   (no cloak)
rCorr    .         Harm     .   (no gloves)
MR       .....                  (no boots)
Stlth    ..........             (no amulet)
HPRegen  0.18/turn              (no ring)
MPRegen  0.10/turn              (no ring)

@: no status effects
A: no striking features
a: no special abilities


You were on level 4 of the Dungeon.
You were not hungry.

You visited 1 branch of the dungeon, and saw 4 of its levels.

You collected 132 gold pieces.

Inventory:

Hand Weapons
 a - a +0 war axe (weapon)
Armour
 b - a +0 scale mail (worn)
 c - a +0 shield (worn)
 l - a +0 scale mail
Scrolls
 e - 4 scrolls of identify {unknown}
 i - 4 scrolls of teleportation {unknown}
 j - a scroll of immolation {unknown}
 k - 2 scrolls of fog {unknown}
 o - a scroll of amnesia {unknown}
Potions
 d - a potion of might
 g - a potion of curing {unknown}
 h - 2 potions of lignification {unknown}
 m - a potion of brilliance {unknown}
Comestibles
 f - 8 rations


   Skills:
 + Level 5.0 Fighting
 + Level 4.6 Axes
 + Level 4.6 Armour
 + Level 2.0 Dodging
 + Level 4.6 Shields


You had 5 spell levels left.
You didn't know any spells.
Your spell library was empty.

Dungeon Overview and Level Annotations

Branches:
Dungeon (4/15)
 Temple: D:4-7

Altars:
Ashenzari
Dithmenos
Kikubaaqudgha
Uskayaw
The Shining One


Message History

Something hits you. You block something's attack.
You hear some strange, mumbled words.
A puff of flame appears from out of thin air!
The puff of flame hits you!
* * * LOW HITPOINT WARNING * * *
Things that are here:
a +0 dagger; a +0 robe; an orc corpse Your shield and scale mail prevent you from hitting something.
You block something's attack.
You miss something. You block something's attack.
Something hits you but does no damage.
You hear some strange, mumbled words.
A magic dart appears from out of thin air!
The magic dart hits you!
* * * LOW HITPOINT WARNING * * *
You closely miss something.
You hear some strange, mumbled words.
A puff of flame appears from out of thin air!
The puff of flame hits you!
You die...

### ##### ##.#### ###
.....#####..##.####.##
#............#....##
##...........##....#
#..@..........##..##
#.{##..............#
#†)#######.........#
#.†# #.....>.... ...#
#....###... .#..#.
........##...
#.#....#...#.........#
# #...##...#........##
#)...#..##........#


There were no monsters in sight!

Vanquished Creatures
  2 vampire bats (D:2)
  A crimson imp (D:4)
  A centaur skeleton (D:4)
  An orc wizard (D:4)
  A worker ant (D:4)
  3 gnolls (D:2)
  2 adders (D:3)
  An ooze (D:3)
  2 worms
  2 dart slugs
  2 leopard geckos
  3 orcs
  12 bats
  2 bat skeletons (D:2)
  4 bat zombies (D:2)
  3 giant cockroaches
  8 goblins
  6 hobgoblins
  18 jackals
  6 kobolds
  5 frilled lizards
  7 rats
92 creatures vanquished.

Notes
Turn   | Place    | Note
-------+----------+-------------------------------------------
     0 | D:1      | Borgoz the Hill Orc Fighter began the quest for the Orb.
     0 | D:1      | Reached XP level 1. HP: 19/19 MP: 1/1
   115 | D:1      | Reached XP level 2. HP: 24/27 MP: 2/2
   325 | D:1      | Reached XP level 3. HP: 25/33 MP: 3/3
   447 | D:1      | Reached skill level 4 in Fighting
   845 | D:2      | Reached skill level 1 in Dodging
   941 | D:2      | Reached XP level 4. HP: 37/40 MP: 4/4
  1042 | D:2      | Found an ancient bone altar of Kikubaaqudgha.
  1070 | D:2      | Reached XP level 5. HP: 42/47 MP: 5/5
  1143 | D:2      | Found a shadowy altar of Dithmenos.
  1185 | D:2      | Found a glowing golden altar of the Shining One.
  1452 | D:2      | Found a glowing golden altar of the Shining One.
  1763 | D:3      | Found a hide-covered altar of Uskayaw.
  1982 | D:3      | Reached XP level 6. HP: 51/53 MP: 6/6
  2039 | D:4      | Found a shattered altar of Ashenzari.
  2201 | D:4      | Reached skill level 5 in Fighting
  2205 | D:4      | Killed from afar by an orc wizard

Vault maps used:
D:1:      lightli_arrival_farm, nrook_campfire, chequers_avenue
D:2:      tso_oasis_becter, kennysheep_vampire_church,
          nicolae_dithmenos_through_a_glass_darkly, tso_altar
D:3:      lemuel_doored_altar
D:4:      lemuel_coloured_pillars_altar, lemuel_crystal_altar, first_ration,
          nicolae_ru_sacrificial_ziggurat, uniq_robin

Skill      XL: |  1  2  3  4  5  6 |
---------------+-------------------+-----
Axes           | 3 4 |  4.6
Fighting       | 4 5 |  5.0
Dodging        | 1 2 |  2.0
Armour         | 4 |  4.6
Shields        | 4 |  4.6

Action                   |  1- 3 |  4- 6 || total
-------------------------+-------+-------++-------
Melee: War axe           |   124 |   213 ||   337
  Eat: Chunk             |     1 |     4 ||     5
Armor: Scale mail        |    72 |   124 ||   196
Dodge: Dodged            |    56 |   105 ||   161
Block: Shield            |    95 |   136 ||   231

Table legend:
 A = Non-vault XP
 B = Vault XP
 C = Vault XP percentage of total XP
 D = Non-vault monster count
 E = Vault monster count
 F = Vault count percentage of total count
                 A         B        C        D         E       F
            +---------+---------+-------+---------+---------+-------
      Total |     376 |     124 |  24.8 |      84 |       8 |   8.7
            +---------+---------+-------+---------+---------+-------
        D:1 |      59 |       0 |   0.0 |      35 |       0 |   0.0
        D:2 |      78 |     124 |  61.4 |      23 |       8 |  25.8
        D:3 |      65 |       0 |   0.0 |      19 |       0 |   0.0
        D:4 |     174 |       0 |   0.0 |       7 |       0 |   0.0
            +---------+---------+-------+---------+---------+-------
